 Dungeon Crawl Stone Soup version 0.14.0-26-g1682e81 (webtiles) character file.

1118 Heini the Chopper (level 8, -24/70 HPs)
             Began as a Hill Orc Fighter on Apr 26, 2014.
             Annihilated by an ogre
             ... wielding a +0,+0 giant club
              (27 damage)
             ... on Level 5 of the Dungeon.
             The game lasted 00:11:42 (4576 turns).

Heini the Chopper (Hill Orc Fighter)                Turns: 4576, Time: 00:11:43

HP -24/70        AC 10     Str 21      XL: 8   Next:  8%
MP   8/8         EV  6     Int  8      God:
Gold 211         SH 18     Dex 10      Spells:  0 memorised,  7 levels left

rFire  . . .     SeeInvis .     B - +0 war axe
rCold  . . .     Clarity  .     b - +0 scale mail
rNeg   + . .     Conserve .     c - +0 shield
rPois  .         rCorr    .     y - +0 helmet (curse)
rElec  .         rRot     .     E - +0 cloak
SustAb . .       Spirit   .     (no gloves)
rMut   .         Warding  +     (no boots)
Saprov + . .     Stasis   .     o - amulet of warding
MR     .....                    (no ring)
                                (no ring)

@: not resistant to hostile enchantments, extremely unstealthy
A: saprovore 1
a: no special abilities


You were on level 5 of the Dungeon.
You were hungry.

You visited 1 branch of the dungeon, and saw 5 of its levels.

You collected 211 gold pieces.

Inventory:

Hand weapons
 a - a +0,+0 war axe
 B - a +0,+0 war axe (weapon)
Armour
 b - a +0 scale mail (worn)
 c - a +0 shield (worn)
 g - a +0 plate armour
 u - a +0 plate armour
 y - a cursed +0 helmet (worn)
 E - a +0 cloak (worn)
Magical devices
 m - a wand of magic darts (5)
 s - a wand of slowing (14)
 t - a wand of flame (6)
 C - a wand of digging (11) {unknown}
Comestibles
 d - 2 meat rations
 f - 5 bread rations
 v - 2 rotting chunks of worker ant flesh
Scrolls
 n - a scroll of remove curse
 p - a scroll of amnesia {unknown}
 q - a scroll of identify
 r - 2 scrolls of noise {unknown}
 w - 4 scrolls of recharging
 x - 2 scrolls of enchant weapon I {unknown}
 A - a scroll of fog
Jewellery
 i - an uncursed ring of positive energy
 j - an uncursed amulet of guardian spirit
 o - an amulet of warding (around neck)
Potions
 e - a potion of might
 h - 2 potions of curing
 z - a potion of lignification {unknown}
 D - a potion of flight {unknown}


   Skills:
 * Level 5.8 Fighting
 * Level 7.7 Axes
 * Level 7.1 Armour
 - Level 3.3 Shields


You had 7 spell levels left.
You didn't know any spells.

Dungeon Overview and Level Annotations

Branches:
Dungeon (5/15)
 Temple: D:4-7

Altars:
Cheibriados
Makhleb
Nemelex Xobeh
Vehumet


Innate Abilities, Weirdness & Mutations

You can tolerate rotten meat.


Message History

You hit the ice beast.
You kill the ice beast!
You have reached level 8!
The ogre hits you with a giant club!
You hit the ogre.
The ogre is lightly wounded.
You block the ogre's attack.
You hit the ogre but do no damage.
The ogre is lightly wounded.
The ogre barely misses you.
You slash the ogre!
The ogre is heavily wounded.
You hit the ogre.
The ogre is heavily wounded.
The ogre hits you with a giant club!
* * * LOW HITPOINT WARNING * * *
Drink which item? (? for menu, Esc to quit)
Okay, then.
The ogre hits you with a giant club!
You die...

#.....##.......# #.#
#.....<#...###.# #.# ###
#..%.........#.# #.#
..########..####.#.#.#.# #.#
#.#..............#...#.# #.#
#.#.#######.##########%# #.#
##.#.<.....#.........##.# #.#
.#.#.#####.....#####.##.####.#
)...............@).((........#
.#.#.####........O.#.##.######
.#)#.# #.####...#.#....#
.#.#)# #........#.######
.#.#.#####'##....#.#
.#.#.'...)%##....#.#
##.#.#.###.#.....#.# #.#.#.#
#)#####.#.#
#.+.#.###.#.......#


You could see an ogre.

Vanquished Creatures
  Edmund (D:4)
  2 ice beasts (D:5)
  A sky beast (D:5)
  An ogre (D:4)
  A scorpion (D:5)
  An orc priest (D:5)
  A hound (D:3)
  3 orc wizards
  A worker ant (D:5)
  Jessica (D:3)
  3 adders
  5 gnolls
  A giant mite (D:1)
  2 worms
  An adder skeleton (D:4)
  A giant eyeball (D:4)
  An iguana skeleton (D:4)
  3 giant geckos
  An ooze (D:2)
  10 orcs
  11 hobgoblins
  6 bats
  5 giant cockroaches
  2 giant newts
  7 goblins
  2 jackals (D:1)
  11 kobolds
  An orc skeleton (D:4)
  8 rats
94 creatures vanquished.

Notes
Turn   | Place    | Note
--------------------------------------------------------------
     0 | D:1      | Heini, the Hill Orc Fighter, began the quest for the Orb.
     0 | D:1      | Reached XP level 1. HP: 19/19 MP: 1/1
   137 | D:1      | Reached skill level 4 in Fighting
   137 | D:1      | Reached XP level 2. HP: 24/27 MP: 2/2
   639 | D:2      | Reached XP level 3. HP: 26/34 MP: 3/3
  1407 | D:3      | Reached XP level 4. HP: 31/41 MP: 4/4
  1578 | D:3      | Found a snail-covered altar of Cheibriados.
  1715 | D:3      | Noticed Jessica
  1716 | D:3      | Found a sparkling altar of Nemelex Xobeh.
  1724 | D:3      | Killed Jessica
  1862 | D:3      | Reached XP level 5. HP: 45/47 MP: 5/5
  2053 | D:3      | Found a burning altar of Makhleb.
  2062 | D:3      | Reached skill level 5 in Armour
  2125 | D:4      | Found a radiant altar of Vehumet.
  2333 | D:4      | Noticed Edmund
  2352 | D:4      | Killed Edmund
  2352 | D:4      | Reached skill level 5 in Axes
  2352 | D:4      | Reached XP level 6. HP: 21/55 MP: 6/6
  2740 | D:4      | Noticed an ogre
  2749 | D:4      | Killed an ogre
  2749 | D:4      | Reached skill level 5 in Fighting
  2749 | D:4      | Reached skill level 6 in Armour
  3050 | D:4      | Paralysed by a giant eyeball for 3 turns
  3056 | D:4      | Paralysed by a giant eyeball for 2 turns
  3142 | D:5      | Entered Level 5 of the Dungeon
  3160 | D:5      | Reached XP level 7. HP: 29/61 MP: 7/7
  4113 | D:5      | Reached skill level 7 in Axes
  4563 | D:5      | Reached XP level 8. HP: 40/70 MP: 8/8
  4567 | D:5      | HP: 1/70 [ogre/giant club (25)]
  4576 | D:5      | Annihilated by an ogre

Action                   |  1- 3 |  4- 6 |  7- 9 || total
-------------------------+-------+-------+-------++-------
Melee: War axe           |   152 |   117 |   115 ||   384
  Use: Scroll            |     4 |     4 |       ||     8
       Potion            |       |     2 |       ||     2
